 Seeded DCSS version 0.30-a0-219-gf2db51d15e (webtiles) character file.

Game seed: 14387905478080125298 (custom seed)

18 Nerdsrcool the Chiller (level 2, 19/19 HPs)
             Began as a Demonspawn Ice Elementalist on Oct 6, 2022.
             Got out of the dungeon alive.
             The game lasted 00:05:14 (196 turns).

Nerdsrcool the Chiller (Demonspawn Ice Elementalist) Turns: 196, Time: 00:05:14

Health: 19/19      AC:  3    Str:  8    XL:     2   Next: 48%
Magic:  4/5        EV: 12    Int: 16    God:
Gold:   12         SH:  0    Dex: 13    Spells: 4/5 levels left

rFire   . . .      SeeInvis .    d - +0 dagger
rCold   . . .      Faith    .    (no shield)
rNeg    . . .      Spirit   .    a - +0 robe
rPois   .          Reflect  .    (no helmet)
rElec   .          Harm     .    (no cloak)
rCorr   .          Rampage  .    (no gloves)
Will    .....                    (no boots)
Stlth   ++........               (no amulet)
HPRegen 0.23/turn                (no ring)
MPRegen 0.09/turn                (no ring)

@: no status effects
A: rugged brown scales 1
a: no special abilities


You escaped.
You visited 1 branch of the dungeon, and saw 1 of its levels.

You collected 12 gold pieces.

Inventory:

Hand Weapons
 d - a +0 dagger (weapon)
Armour
 a - a +0 robe (worn)
 c - a +0 plate armour
Scrolls
 f - 2 scrolls of magic mapping {unknown}
 h - a scroll of identify {unknown}
Potions
 b - a potion of magic
 e - 2 potions of brilliance {unknown}
 g - a potion of lignification {unknown}


   Skills:
 + Level 1.9 Dodging
 + Level 1.7 Stealth
 + Level 2.4 Spellcasting
 + Level 4.0 Ice Magic


You had 4 spell levels left.
You knew the following spells:

 Your Spells              Type           Power      Damage    Failure   Level
a - Freeze                Ice            56%        1d7       3%          1

Your spell library contained the following spells:

 Spells                   Type           Power      Damage    Failure   Level
 Frozen Ramparts          Ice            28%        1d5       12%         3
 Ozocubu's Armour         Ice            14%        N/A       12%         3
 Summon Ice Beast         Ice/Summ       8%         N/A       65%         4
 Petrify                  Tmut/Erth      1%         N/A       89%         4
 Metabolic Englaciation   Hex/Ice        4%         N/A       94%         5
 Statue Form              Tmut/Erth      0%         N/A       100%        6


Dungeon Overview and Level Annotations

Branches:
Dungeon (1/15)

Altars:


Innate Abilities, Weirdness & Mutations

You are partially covered in rugged brown scales. (AC +1, +3% HP)


Message History

You hit the hobgoblin but do no damage. The hobgoblin closely misses you.
You hit the hobgoblin.
The hobgoblin is moderately wounded.
The hobgoblin hits you.
You barely miss the hobgoblin.
The hobgoblin is moderately wounded.
The hobgoblin barely misses you.
You freeze the hobgoblin.
You kill the hobgoblin!
You freeze the ball python.
The ball python is moderately wounded.
The ball python bites you but does no damage.
The ball python barely misses you.
You freeze the ball python!
You kill the ball python!
An endoplasm comes into view.
The endoplasm attacks as you move away!
The endoplasm hits you but does no damage.
The endoplasm attacks as you move away! The endoplasm closely misses you.
The endoplasm attacks as you move away!
The endoplasm hits you but does no damage.
The endoplasm attacks as you move away! The endoplasm misses you.
There is a staircase leading out of the dungeon here.
You hit the endoplasm.
The endoplasm is severely wounded.
The endoplasm closely misses you.
You hit the endoplasm.
You kill the endoplasm!
Your Ice Magic skill increases to level 4!
There is a staircase leading out of the dungeon here.
Are you sure you want to leave the Dungeon?
This will make you lose the game! [Y]es or [N]o only, please.
Are you sure you want to leave the Dungeon?
This will make you lose the game!
Alright, then stay!
Welcome back, Nerdsrcool the Demonspawn Ice Elementalist.
Game seed: 14387905478080125298 (custom seed) Press ? for a list of commands and other information.
You can't go down here!
Are you sure you want to leave the Dungeon?
This will make you lose the game!
You have escaped!

##...†......##.....>.#
#.####..............# #.#
###............. #.#
###..#.##........
#.###...##.##........
#####.....).....####.....
#...............####.#...
#....#...................
#......#..@........##..#.##
.......##....8...........#
....... #.....♣....###..###
.##.... #..........###..#..
#.... #.................#
###.# #..................
...#######.....†... #.###
#....†.... #. #......>..


There were no monsters in sight!

Vanquished Creatures
  A dart slug (D:1)
  2 ball pythons (D:1)
  A bat (D:1)
  2 endoplasms (D:1)
  2 giant cockroaches (D:1)
  A goblin (D:1)
  3 hobgoblins (D:1)
  A kobold (D:1)
13 creatures vanquished.

Notes
Turn   | Place    | Note
-------+----------+-------------------------------------------
     0 | D:1      | Nerdsrcool the Demonspawn Ice Elementalist began the quest
                  | for the Orb.
     0 | D:1      | Reached XP level 1. HP: 13/13 MP: 3/3
    93 | D:1      | Gained mutation: You are partially covered in rugged brown
                  | scales. (AC +1, +3% HP) [demonic ancestry]
    93 | D:1      | Reached XP level 2. HP: 6/19 MP: 3/5
   107 | D:1      | Found a faded altar of an unknown god.
   193 | D:1      | Reached skill level 4 in Ice Magic
   196 | D:$      | Got out of the dungeon alive.

Illustrated notes

Levels and vault maps discovered:
D:1:      wander_arrival_peaceful_grave, layout_rooms,
          ebering_ecumenical_altar_rust

Skill      XL: |  1  2 |
---------------+-------+-----
Ice Magic      | 4 |  4.0
Dodging        | |  1.9
Stealth        | |  1.7
Spellcasting   | |  2.4

Action                   || total
-------------------------++-------
Melee: Unarmed           ||    26
       Dagger            ||    17
 Cast: Freeze            ||    13
Armor: Robe              ||    19
Dodge: Dodged            ||    52

Table legend: (Time is in decaauts)
 A = Elapsed time spent in this place.
 B = Non-inter-level travel time spent in this place.
 C = Inter-level travel time spent in this place.
 D = Time resting spent in this place.
 E = Time spent auto-exploring this place.
 F = Levels seen in this place.
 G = Mean time per level.
                   A        B        C        D        E       F      G
               +--------+--------+--------+--------+--------+-----+--------+
         Total |    195 |    195 |      0 |      0 |      0 |   1 |  195.0 |
       Dungeon |    195 |    195 |      0 |      0 |      0 |   1 |  195.0 |
               +--------+--------+--------+--------+--------+-----+--------+

Top non-repeatable levels by time:
     D:1: 195 daAuts
